 Dungeon Crawl Stone Soup version 0.29-a0-362-g5854e031c7 (webtiles) character file.

Game seed: 4581293828580311949

641 zeratav the Ruffian (level 7, -1/53 HPs)
             Began as a Demonspawn Berserker on Apr 29, 2022.
             Was a Priest of Trog.
             Slain by a gnoll
             ... wielding a +0 halberd
              (12 damage)
             ... on level 4 of the Dungeon.
             The game lasted 00:07:40 (4735 turns).

zeratav the Ruffian (Demonspawn Berserker)          Turns: 4735, Time: 00:07:41

Health: -1/53      AC: 10    Str: 20    XL:     7   Next: 26%
Magic:  7/7        EV:  8    Int:  8    God:    Trog [***...]
Gold:   163        SH:  6    Dex: 12    Spells: 6/6 levels left

rFire   . . .      SeeInvis .   a - +0 hand axe {axe}
rCold   . . .      Faith    .   (no shield)
rNeg    . . .      Spirit   .   d - +0 chain mail
rPois   .          Reflect  .   x - +0 helmet
rElec   .          Harm     .   m - +0 cloak
rCorr   .          Rampage  .   (no gloves)
Will    ++...                   (no boots)
Stlth   ..........              (no amulet)
HPRegen 1.17/turn               (no ring)
MPRegen 0.10/turn               (no ring)

@: strong-willed, regenerating
A: claws 1, large bone plates 2, foul stench 2
a: Renounce Religion, Berserk, Trog's Hand


You were on level 4 of the Dungeon.
You worshipped Trog.
Trog was most pleased with you.
You visited 1 branch of the dungeon, and saw 4 of its levels.

You collected 163 gold pieces.


Innate Abilities, Weirdness & Mutations

You have sharp fingernails.
You are mostly covered in large bone plates. (SH +6)
You sometimes emit foul miasma when damaged in melee.


   Skills:
 - Level 3.6 Fighting
 - Level 2.6 Axes
 - Level 1.7 Armour
 - Level 1.7 Dodging
 + Level 6.8 Unarmed Combat


You had 6 spell levels left.
You didn't know any spells.
Your spell library contained the following spells:

 Spells                   Type           Power      Damage    Failure   Level
 Slow                     Hex            0%         N/A       99%         1
 Blink                    Tloc           0%         N/A       100%        2
 Ensorcelled Hibernation  Hex/Ice        0%         N/A       100%        2
 Passwall                 Tmut/Erth      0%         N/A       100%        2
 Confusing Touch          Hex            0%         N/A       100%        3
 Gell's Gravitas          Tloc           0%         N/A       100%        3
 Lesser Beckoning         Tloc           0%         N/A       100%        3
 Ozocubu's Armour         Ice            0%         N/A       100%        3
 Swiftness                Air            0%         N/A       100%        3
 Teleport Other           Tloc           0%         N/A       100%        3
 Vampiric Draining        Necr           0%         2d6       100%        3
 Manifold Assault         Tloc           0%         N/A       100%        5
 Metabolic Englaciation   Hex/Ice        0%         N/A       100%        5
 Simulacrum               Ice/Necr       0%         N/A       100%        6
 Storm Form               Tmut/Air       0%         N/A       100%        7

Inventory:

Hand Weapons
 a - a +0 hand axe (weapon) {axe}
 r - the +4 short sword "Miuklix" {flame, rElec Dex+3, short}
   (You found it on level 2 of the Dungeon)

   It burns those it strikes, dealing additional fire damage.
   Dex:       It affects your dexterity (+3).
   rElec:     It insulates you from electricity.
 y - a +1 vampiric short sword {short}
   (You took it off an orc on level 4 of the Dungeon)
Armour
 d - a +0 chain mail (worn)
   (You found it on level 1 of the Dungeon)
 m - a +0 cloak (worn)
   (You found it on level 1 of the Dungeon)
 n - a +2 ring mail of positive energy
   (You found it on level 2 of the Dungeon)
 x - a +0 helmet (worn)
   (You took it off Robin on level 3 of the Dungeon)
 z - a +0 ring mail
   (You took it off an orc on level 4 of the Dungeon)
 A - a +0 leather armour
   (You took it off an orc on level 4 of the Dungeon)
Jewellery
 g - a ring of protection from cold
   (You found it on level 1 of the Dungeon)
 o - a ring of fire
   (You found it on level 2 of the Dungeon)
 s - a ring of resist corrosion
   (You found it on level 3 of the Dungeon)
Wands
 C - a wand of polymorph (6)
   (You took it off an orc on level 4 of the Dungeon)
Scrolls
 c - 2 scrolls of immolation {unknown}
 i - 4 scrolls of identify {unknown}
 p - a scroll of fear {unknown}
 q - 2 scrolls of teleportation {unknown}
 t - 2 scrolls of magic mapping {unknown}
 u - 2 scrolls of brand weapon {unknown}
 w - a scroll of summoning {unknown}
 D - a scroll of enchant weapon {unknown}
Potions
 b - 2 potions of degeneration {unknown}
 e - a potion of flight {unknown}
 f - 2 potions of lignification {unknown}
 j - a potion of might {unknown}
 k - a potion of mutation {unknown}
 l - a potion of haste {unknown}
 v - 2 potions of heal wounds {unknown}
 B - 2 potions of attraction {unknown}
 E - a potion of brilliance {unknown}

Dungeon Overview and Level Annotations

Branches:
Dungeon (4/15)
 Temple: D:4-7

Altars:
Elyvilon
Hepliaklqana
Sif Muna
Zin

Shops:
D:1 *   D:2 *   D:4 =

Portals:
Abyss: D:3

Annotations:
D:3 2 transporters, spaghetti's ghost, weakling GnWn

#.#........§
#.#..≈....§.
#.#§.≈.≈≈§≈≈≈
#.#.†§.≈....§
#.#..≈.≈.§§.≈
#.#..§.≈!⌠≈.§
#.#..≈)≈≈≈≈.≈
#.#..≈......≈
#.#.@≈§≈≈≈≈≈≈
#####
#.#.g☼)......
#...#
#.#..g.......
#...##
#.###########
##....> #.#
#....#. #.#
#....#. #.#
#....#. #.#
###.##.
#.##########
#...)


You could see 2 gnolls.


Message History

You hit the gnoll. You barely miss the gnoll. You hit the gnoll.
The gnoll hits you with a +0 club. The gnoll closely misses you.
The gnoll hits you with a +0 flail.
HP[-9]
You take 9 damage, and now have 39/53 hp.
You are too injured to fight recklessly!
You are too injured to fight recklessly!
You are too injured to fight recklessly!
You are too injured to fight recklessly!
You are too injured to fight recklessly!
You are too injured to fight recklessly!
You are too injured to fight recklessly!
You are too injured to fight recklessly!
You are too injured to fight recklessly!
You are too injured to fight recklessly!
You are too injured to fight recklessly!
You are too injured to fight recklessly!
You are too injured to fight recklessly!
You are too injured to fight recklessly!
You are too injured to fight recklessly!
You are too injured to fight recklessly!
You are too injured to fight recklessly!
Your skin crawls.
You feel strong-willed. You block the gnoll's attack.
The gnoll hits you but does no damage. The gnoll hits you with a +0 flail.
HP[-2]
You take 2 damage, and now have 37/53 hp.
Unknown command.
You barely miss the gnoll. x2; You hit the gnoll but do no damage.
The gnoll hits you with a +0 club. The gnoll closely misses you.
You block the gnoll's attack.
HP[-1]
You take 1 damage, and now have 36/53 hp.
You hit the gnoll. You hit the gnoll but do no damage. You hit the gnoll.
The gnoll closely misses you. The gnoll hits you with a +0 halberd!
You block the gnoll's attack.
HP[-9]
You take 9 damage, and now have 27/53 hp.
You hit the gnoll. x2; You barely miss the gnoll.
The gnoll hits you with a +0 club.
* * * LOW HITPOINT WARNING * * *
The gnoll hits you with a +0 halberd.
* * * LOW HITPOINT WARNING * * *
The gnoll hits you with a +0 flail.
* * * LOW HITPOINT WARNING * * *
HP[-13]
You take 13 damage, and now have 14/53 hp.
MASSIVE DAMAGE!! (PAUSE)
You barely miss the gnoll. x2; You hit the gnoll.
You kill the gnoll!
Trog accepts your kill. The gnoll barely misses you.
The gnoll hits you with a +0 club.
* * * LOW HITPOINT WARNING * * *
The gnoll hits you with a +0 halberd.
* * * LOW HITPOINT WARNING * * *
The gnoll barely misses you. The gnoll hits you with a +0 club.
* * * LOW HITPOINT WARNING * * *
HP[-2]
You take 2 damage, and now have 12/53 hp.
The gnoll attacks as you move away! You block the gnoll's attack.
The gnoll barely misses you.
HP[+1]
You hit the gnoll but do no damage. You block the gnoll's attack. x2
HP[+2]
You regained 2 hp, and now have 15/53 hp.
You slash the gnoll! You block the gnoll's attack.
HP[+1]
You barely miss the gnoll. You closely miss the gnoll.
The gnoll barely misses you. x2
The gnoll hits you from afar with a +0 halberd!
* * * LOW HITPOINT WARNING * * *
HP[-7]
You take 7 damage, and now have 9/53 hp.
You completely miss the gnoll. You closely miss the gnoll.
You block the gnoll's attack. The gnoll hits you with a +0 club.
* * * LOW HITPOINT WARNING * * *
You emit a cloud of foul miasma!
The gnoll hits you from afar with a +0 halberd.
* * * LOW HITPOINT WARNING * * *
HP[-8]
You take 8 damage, and now have 1/53 hp.
You feel better. You block the gnoll's attack.
The gnoll is engulfed in dark miasma.
The gnoll is poisoned.
The gnoll seems to slow down.
The gnoll barely misses you.
The gnoll hits you from afar with a +0 halberd!
* * * LOW HITPOINT WARNING * * *
HP[+2]
You regained 2 hp, and now have 3/53 hp.
You feel better.
You kill the gnoll!
Trog accepts your kill. The gnoll hits you with a +0 whip.
* * * LOW HITPOINT WARNING * * *
You block the gnoll's attack.
HP[+7]
You regained 7 hp, and now have 10/53 hp.
You barely miss the gnoll. The gnoll completely misses you.
The gnoll hits you from afar with a +0 halberd!
You die...

Skill      XL: |  1  2  3  4  5  6 |
---------------+-------------------+-----
Unarmed Combat | 1 2 4 5 6 |  6.8
Fighting       | |  3.6
Axes           | |  2.6
Armour         | |  1.7
Dodging        | |  1.7

Action                   |  1- 3 |  4- 6 |  7- 9 || total
-------------------------+-------+-------+-------++-------
Melee: Hand axe          |   114 |   162 |    22 ||   298
       Punch             |       |     5 |     1 ||     6
Invok: Berserk           |       |     2 |       ||     2
       Trog's Hand       |       |       |     1 ||     1
  Use: Potion            |       |       |     2 ||     2
 Stab: Sleeping          |     1 |       |       ||     1
Armor: Animal skin       |    11 |       |       ||    11
       Chain mail        |    45 |    81 |     5 ||   131
Dodge: Dodged            |    47 |    73 |    17 ||   137
Block: Other             |       |    13 |    12 ||    25

Levels and vault maps discovered:
D:1:      minmay_arrival_diagonal_passages, layout_loops_cross,
          dilly_ecumenical_altar_fadedgnrine, serial_shops,
          nicolae_lakefront_shop
D:2:      layout_loops_corners, serial_shops, nicolae_shop_hallway_plus,
          basic_altar
D:3:      layout_basic, lemuel_crystal_altar, zin_academy,
          gammafunk_ghost_abyssal_escape, uniq_jessica, uniq_robin, uniq_pargi
D:4:      layout_basic, grunt_temple_overflow_open, serial_shops, shop,
          minmay_misc_feat_cross, minmay_stone_trees_small,
          kennysheep_small_spiral

Notes
Turn   | Place    | Note
-------+----------+-------------------------------------------
     0 | D:1      | zeratav the Demonspawn Berserker began the quest for the
                  | Orb.
     0 | D:1      | Reached XP level 1. HP: 18/18 MP: 1/1
     0 | D:1      | magus.rc [v1.9.6]
    12 | D:1      | You pick up a book of Winter {forbidden} and begin
                  | reading...
    12 | D:1      | You add the spells Ozocubu's Armour, Metabolic Englaciation
                  | and Simulacrum to your library.
   240 | D:1      | Found a faded altar of an unknown god.
   565 | D:1      | You pick up a book of Burglary {forbidden} and begin
                  | reading...
   565 | D:1      | You add the spells Passwall, Ensorcelled Hibernation and
                  | Swiftness to your library.
   573 | D:1      | You pick up a book of Displacement {forbidden} and begin
                  | reading...
   573 | D:1      | You add the spells Lesser Beckoning, Gell's Gravitas and
                  | Teleport Other to your library.
   604 | D:1      | Gained mutation: You have sharp fingernails. [demonic
                  | ancestry]
   604 | D:1      | Reached XP level 2. HP: 22/24 MP: 2/2
   703 | D:1      | You add the spells Blink, Manifold Assault and Storm Form
                  | to your library.
   773 | D:1      | Found Jott's Assorted Antiques.
  1111 | D:2      | Found a hazy altar of Hepliaklqana.
  1185 | D:2      | You pick up a book of Debilitation {forbidden} and begin
                  | reading...
  1185 | D:2      | You add the spells Slow, Vampiric Draining and Confusing
                  | Touch to your library.
  1242 | D:2      | Reached skill level 1 in Unarmed Combat
  1404 | D:2      | Gained mutation: You may rarely emit foul miasma when
                  | damaged in melee. [demonic ancestry]
  1404 | D:2      | Reached XP level 3. HP: 19/30 MP: 3/3
  1588 | D:2      | Identified the +4 short sword "Miuklix" {flame, rElec
                  | Dex+3}
  1611 | D:2      | Reached skill level 2 in Unarmed Combat
  1672 | D:2      | Found Qeumij's General Store.
  1961 | D:2      | Reached XP level 4. HP: 36/37 MP: 4/4
  1973 | D:2      | Reached ** piety under Trog
  1974 | D:2      | Reached skill level 3 in Unarmed Combat
  2655 | D:3      | Noticed a toenail golem
  2656 | D:3      | Noticed spaghetti's ghost (weakling GnWn)
  2912 | D:3      | Noticed Pargi
  2914 | D:3      | Noticed Jessica
  2921 | D:3      | Killed Pargi
  2921 | D:3      | Noticed Robin
  2922 | D:3      | Reached skill level 4 in Unarmed Combat
  2922 | D:3      | Gained mutation: You are partially covered in large bone
                  | plates. (SH +4) [demonic ancestry]
  2922 | D:3      | Reached XP level 5. HP: 39/42 MP: 5/5
  2923 | D:3      | Killed Jessica
  2927 | D:3      | Killed Robin
  2928 | D:3      | Reached skill level 5 in Unarmed Combat
  2928 | D:3      | Gained mutation: You sometimes emit foul miasma when
                  | damaged in melee. [demonic ancestry]
  2928 | D:3      | Reached XP level 6. HP: 38/48 MP: 6/6
  3509 | D:3      | Found a transporter.
  3520 | D:3      | Found a one-way gate to the infinite horrors of the Abyss.
  3569 | D:3      | Found a transporter.
  3829 | D:4      | Reached *** piety under Trog
  3891 | D:4      | Found Nutel's Jewellery Emporium.
  3909 | D:4      | Found a shimmering blue altar of Sif Muna.
  3970 | D:4      | Found a hazy altar of Hepliaklqana.
  4073 | D:4      | Reached skill level 6 in Unarmed Combat
  4392 | D:4      | Gained mutation: You are mostly covered in large bone
                  | plates. (SH +6) [demonic ancestry]
  4392 | D:4      | Reached XP level 7. HP: 49/53 MP: 7/7
  4727 | D:4      | HP: 13/53 [gnoll/+0 halberd (1)]
  4732 | D:4      | HP: 5/53 [gnoll/+0 club (6)]
  4732 | D:4      | HP: 1/53 [gnoll/+0 halberd (4)]
  4735 | D:4      | Slain by a gnoll

Vanquished Creatures
  Pargi (D:3)
  A black bear (D:4)
  An ogre (D:4)
  2 scorpions (D:4)
  Jessica (D:3)
  Robin (D:3)
  6 gnolls
  7 adders
  2 worms (D:2)
  2 dart slugs
  6 orcs
  7 ball pythons
  7 endoplasms
  3 giant cockroaches
  12 goblins
  6 hobgoblins
  5 bats
  4 frilled lizards
  5 kobolds
  3 rats
82 creatures vanquished.

Table legend:
 A = Non-vault XP
 B = Vault XP
 C = Vault XP percentage of total XP
 D = Non-vault monster count
 E = Vault monster count
 F = Vault count percentage of total count
                 A         B        C        D         E       F
            +---------+---------+-------+---------+---------+-------
      Total |     716 |     200 |  21.8 |      73 |       9 |  11.0
            +---------+---------+-------+---------+---------+-------
        D:1 |      16 |       0 |   0.0 |      12 |       0 |   0.0
        D:2 |     136 |       1 |   0.7 |      27 |       1 |   3.6
        D:3 |      58 |     199 |  77.4 |      13 |       8 |  38.1
        D:4 |     506 |       0 |   0.0 |      21 |       0 |   0.0
            +---------+---------+-------+---------+---------+-------

Illustrated notes

Table legend:
 A = Kills in this place as a percentage of kills in entire the game.
 B = Kills by you in this place as a percentage of kills by you in the entire game.
 C = Kills by friends in this place as a percentage of kills by friends in the entire game.
 D = Other kills in this place as a percentage of other kills in the entire game.
 E = Experience gained in this place as a percentage of experience gained in the entire game.
 F = Experience gained in this place divided by the number of levels of this place that you have seen.
                   A       B       C       D       E      F
               +-------+-------+-------+-------+-------+----------------------
         Total | 100.0 | 100.0 |   N/A |   N/A | 100.0 | 229.0
       Dungeon | 100.0 | 100.0 |   N/A |   N/A | 100.0 | 229.0
               +-------+-------+-------+-------+-------+----------------------

Table legend: (Time is in decaauts)
 A = Elapsed time spent in this place.
 B = Non-inter-level travel time spent in this place.
 C = Inter-level travel time spent in this place.
 D = Time resting spent in this place.
 E = Time spent auto-exploring this place.
 F = Levels seen in this place.
 G = Mean time per level.
                   A        B        C        D        E       F      G
               +--------+--------+--------+--------+--------+-----+--------+
         Total |   4799 |   4720 |     79 |    814 |   3238 |   4 | 1199.8 |
       Dungeon |   4799 |   4720 |     79 |    814 |   3238 |   4 | 1199.8 |
               +--------+--------+--------+--------+--------+-----+--------+

Top non-repeatable levels by time:
     D:2: 1664 daAuts
     D:1: 1078 daAuts
     D:4: 1051 daAuts
     D:3: 1005 daAuts
